 Dungeon Crawl Stone Soup version 0.25-a0-1036-g6f112fb28d (webtiles) character file.

Game seed: 10481807914563608890, levelgen mode: classic

2536 EnegeticOcto the Frost Mage (level 9, -1/58 HPs)
             Began as a Halfling Ice Elementalist on May 13, 2020.
             Was an Initiate of Ashenzari.
             Slain by a two-headed ogre
             ... wielding a +0 giant club
              (17 damage)
             ... on level 8 of the Dungeon.
             The game lasted 00:19:31 (10242 turns).

EnegeticOcto the Frost Mage (HaIE)                 Turns: 10242, Time: 00:19:32

Health: -1/58      AC:  4    Str:  9    XL:     9   Next: 85%
Magic:  0/11       EV: 15    Int: 18    God:    Ashenzari [......]
Gold:   188        SH:  0    Dex: 18    Spells: 3/11 levels left

rFire    . . .     SeeInvis .   f - +4 dagger (drain)
rCold    . . .     Gourm    .   (shield restricted)
rNeg     . . .     Faith    .   a - +0 robe
rPois    .         Spirit   +   (no helmet)
rElec    .         Reflect  .   k - scarf {Spirit}
rCorr    .         Harm     .   x - +1 pair of gloves {Dex+3}
MR       .....                  (no boots)
Stlth    ++........             o - amulet of magic regeneration (curse)
HPRegen  0.19/turn              y - +2 ring of intelligence (curse)
MPRegen  0.37/turn              (no ring)

@: frozen ramparts
A: small, mutation resistance 1
a: Curse Item, Renounce Religion


You were on level 8 of the Dungeon.
You worshipped Ashenzari.
Ashenzari was noncommittal.
You were hungry.

You visited 2 branches of the dungeon, and saw 9 of its levels.

You collected 380 gold pieces.
You spent 192 gold pieces at shops.

Inventory:

Hand Weapons
 c - a +2 dagger of holy wrath
 f - a +4 dagger of draining (weapon)
Missiles
 d - 3 boomerangs (quivered)
 h - 9 atropa-tipped darts
 q - a throwing net {!f}
Armour
 a - a +0 robe (worn)
 k - a scarf of spirit shield (worn)
 x - a +1 pair of gloves of dexterity (worn)
Jewellery
 j - an uncursed ring of fire
 o - a cursed amulet of magic regeneration (around neck)
 y - a cursed +2 ring of intelligence (left hand)
Wands
 g - a wand of paralysis (1)
 n - a wand of iceblast (12) {@v2}
 v - a wand of enslavement (9)
Scrolls
 b - a scroll of amnesia
 i - a scroll of immolation
 m - 3 scrolls of teleportation {@r3 !r}
 r - a scroll of magic mapping {@r5 !r}
 z - a scroll of identify {@r1}
Potions
 l - a potion of mutation
 p - a potion of heal wounds {@q2 !q}
 s - a potion of ambrosia
 t - a potion of magic
 u - a potion of lignification {@q6}
 w - a potion of haste {@q4 !q}
Comestibles
 e - 11 rations
 A - a chunk of flesh


   Skills:
 - Level 4.0 Fighting
 - Level 2.1 Dodging
 - Level 3.0 Stealth
 - Level 1.5 Spellcasting
 + Level 5.9 Summonings
 - Level 10.0 Ice Magic


You had 3 spell levels left.
You knew the following spells:

 Your Spells              Type           Power        Failure   Level  Hunger
a - Freeze                Ice            ####         1%          1    ##.....
b - Frozen Ramparts       Ice            #####.       1%          3    ####...
c - Summon Ice Beast      Ice/Summ       ####....     7%          4    #####..

Your spell library contained the following spells:

 Spells                   Type           Power        Failure   Level  Hunger
 Summon Small Mammal      Summ           ###.         1%          1    ##.....
 Ozocubu's Armour         Chrm/Ice       ###.....     8%          3    ####...
 Animate Skeleton         Necr           N/A          19%         1    ##.....
 Apportation              Tloc           #.....       19%         1    ##.....
 Corona                   Hex            #......      19%         1    ##.....
 Hailstorm                Conj/Ice       ###.....     24%         4    #####..


Dungeon Overview and Level Annotations

Branches:
Dungeon (8/15)             Temple (1/1) D:4
   Lair: D:8-11

Altars:
Ashenzari
Cheibriados
Dithmenos
Elyvilon
Fedhas
Gozag
Hepliaklqana
Kikubaaqudgha
Makhleb
Nemelex Xobeh
Okawaru
Qazlal
Ru
Sif Muna
Trog
Uskayaw
Vehumet
Wu Jian
Xom
Yredelemnul
Zin
The Shining One

Shops:
D:7 [

Annotations:
D:6 3 runed translucent doors, flt's ghost, amateur GnWr


Innate Abilities, Weirdness & Mutations

You are small and have problems with some larger weapons.
You are somewhat resistant to further mutation.


Message History

The ice beast barely misses you. The jackal barely misses you.
You closely miss the ice beast.
The ice beast is severely wounded.
The jackal misses you.
The ice beast completely resists.
The wall freezes the ice beast but do no damage.
The ice beast hits you but does no damage.
You hit the ice beast.
The ice beast is almost dead.
The jackal bites you but does no damage.
The ice beast completely resists.
The wall freezes the ice beast but do no damage.
The ice beast hits you. The ice beast freezes you!
The jackal bites you but does no damage.
You barely miss the ice beast.
The ice beast is almost dead.
The ice beast completely resists.
The wall freezes the ice beast but do no damage.
The ice beast hits you but does no damage.
The jackal closely misses you.
You barely miss the ice beast.
The ice beast is almost dead.
The jackal misses you.
The ice beast completely resists.
The wall freezes the ice beast but do no damage.
The ice beast hits you. The ice beast freezes you! The jackal misses you.
You hit the ice beast but do no damage. You drain the ice beast.
The ice beast is almost dead.
The ice beast completely resists.
The wall freezes the ice beast but do no damage.
The ice beast completely misses you. The jackal bites you.
You hit the ice beast. You drain the ice beast.
You kill the ice beast!
The jackal closely misses you.
You barely miss the jackal.
The jackal is moderately wounded.
The jackal closely misses you.
The jackal bites you but does no damage.
You closely miss the jackal.
The jackal is moderately wounded.
The frozen ramparts melt away.
The jackal misses you.
You miss the jackal.
The jackal is moderately wounded.
The jackal bites you but does no damage.
The jackal misses you.
You barely miss the jackal.
The jackal is moderately wounded.
The jackal barely misses you.
You hit the jackal but do no damage. You drain the jackal.
You kill the jackal!
No target in view!
No target in view!
No target in view!
HP restored.
You butcher the jackal corpse.
A - 2 chunks of flesh You see here a jackal skeleton. x2
Eating one of 2 chunks of flesh.
You eat one of the 2 chunks of flesh.
This raw flesh tastes terrible.
Found a stone staircase leading down.
You open the door.
A two-headed ogre comes into view. It is wielding two +0 giant clubs.
The two-headed ogre shouts in stereo!
There is an open door here.
Casting: Frozen Ramparts (safe; 1% risk of failure)
Confirm with . or Enter, or press ? or * to list all spells.
The walls around you are covered in ice.
A hound skeleton comes into view.
Unknown command.
Casting: Frozen Ramparts (safe; 1% risk of failure)
Confirm with . or Enter, or press ? or * to list all spells.
A chill wind blows around you.
The wall freezes the two-headed ogre.
Casting: Summon Ice Beast (dangerous; 7% risk of failure)
Confirm with . or Enter, or press ? or * to list all spells.
A chill wind blows around you.
You are feeling hungry.
The wall freezes the two-headed ogre!
The wall freezes the two-headed ogre.
You barely miss the two-headed ogre.
The two-headed ogre is lightly wounded.
Your ice beast barely misses the two-headed ogre.
The wall freezes the two-headed ogre.
The two-headed ogre misses you.
The two-headed ogre hits you with a +0 giant club!!
Your ice beast hits the two-headed ogre.
Your ice beast freezes the two-headed ogre!
The hound skeleton bites your ice beast but does no damage.
Casting: Summon Ice Beast (dangerous; 7% risk of failure)
Confirm with . or Enter, or press ? or * to list all spells.
You don't have enough magic to cast that spell.
Your ice beast hits the two-headed ogre.
Your ice beast freezes the two-headed ogre.
The wall freezes the two-headed ogre.
The wall freezes the two-headed ogre.
The hound skeleton completely resists.
The wall freezes the hound skeleton but do no damage.
The hound skeleton barely misses your ice beast.
The wall freezes the two-headed ogre!
The hound skeleton resists.
The wall freezes the hound skeleton.
The two-headed ogre hits you with a +0 giant club!!
* * * LOW HITPOINT WARNING * * *
The two-headed ogre hits you with a +0 giant club!!
You die...

........
##+#....#
#..#....#
#..'....+
#######....#
#.....YZ####
#.....Y.#
#.....O.#
######....@.>#
..........####
..........#
.........รท#
..........#
..........#
.........<#
####.....##
#.....#


You could see a two-headed ogre, a hound skeleton and 2 friendly ice beasts.

Vanquished Creatures
  Pikel (D:6)
  Sigmund (D:2)
  Eustachio (D:6)
  A hornet zombie (D:7)
  An orc warrior (D:5)
  A slave (D:6)
  An ogre (D:7)
  An ice beast (D:8)
  A phantom (D:7)
  3 centaurs
  Blork the orc (D:5)
  The ghost of anet the Magician, an amateur DEWz (D:3)
  A big kobold (D:6)
  A bullfrog (D:7)
  A howler monkey (D:5)
  3 crimson imps
  A centaur zombie (D:3)
  A hound (D:5)
  An orc priest (D:5)
  3 bullfrog skeletons
  4 orc wizards
  6 worker ants
  A killer bee zombie (D:7)
  A hound zombie (D:5)
  A hound skeleton (D:6)
  A howler monkey skeleton (D:4)
  4 gnolls (D:3)
  4 adders
  A shadow imp (D:6)
  7 oozes
  An adder zombie (D:6)
  5 worms
  4 dart slugs
  2 leopard geckos (D:3)
  11 orcs
  6 bats
  4 giant cockroaches
  10 goblins
  7 hobgoblins
  7 jackals
  9 kobolds
  2 quokkas (D:5)
  5 ball pythons
  3 frilled lizards
  A leopard gecko skeleton (D:4)
  A quokka skeleton (D:3)
  12 rats
  2 butterflies (D:4)
148 creatures vanquished.

Notes
Turn   | Place    | Note
-------+----------+-------------------------------------------
     0 | D:1      | EnegeticOcto the Halfling Ice Elementalist began the quest
                  | for the Orb.
     0 | D:1      | Reached XP level 1. HP: 11/11 MP: 3/3
   241 | D:1      | Reached XP level 2. HP: 17/17 MP: 0/4
   746 | D:1      | Reached XP level 3. HP: 16/21 MP: 1/5
  1100 | D:1      | Learned a level 3 spell: Frozen Ramparts
  1500 | D:2      | Reached skill level 5 in Ice Magic
  1618 | D:2      | Reached XP level 4. HP: 26/27 MP: 3/6
  1703 | D:2      | Found a faded altar of an unknown god.
  1929 | D:2      | Found a basalt altar of Yredelemnul.
  1929 | D:2      | Noticed Sigmund
  2222 | D:2      | Killed Sigmund
  2222 | D:2      | Reached skill level 6 in Ice Magic
  2222 | D:2      | Reached XP level 5. HP: 26/31 MP: 1/7
  2222 | D:2      | Reached XP level 6. HP: 30/36 MP: 1/8
  2508 | D:2      | Learned a level 4 spell: Summon Ice Beast
  2699 | D:3      | Found an ornate altar of the Wu Jian Council.
  2808 | D:3      | Reached skill level 7 in Ice Magic
  3331 | D:3      | Found a runed translucent gate.
  3331 | D:3      | Noticed a +0 dagger
  3332 | D:3      | Noticed a +0 dagger
  3336 | D:3      | Found a runed translucent gate.
  3338 | D:3      | Found a runed translucent gate.
  3351 | D:3      | Noticed anet's ghost (amateur DEWz)
  3410 | D:3      | Found a hide-covered altar of Uskayaw.
  3836 | D:3      | Reached XP level 7. HP: 37/41 MP: 9/9
  4156 | D:3      | Killed anet's ghost
  4156 | D:3      | Reached skill level 8 in Ice Magic
  4431 | D:4      | Found a staircase to the Ecumenical Temple.
  4468 | Temple   | Entered the Ecumenical Temple
  5561 | D:4      | Found a blossoming altar of Fedhas.
  5962 | D:5      | Entered Level 5 of the Dungeon
  6084 | D:5      | Found a stormy altar of Qazlal.
  6085 | D:5      | Found a sacrificial altar of Ru.
  6085 | D:5      | Found a snail-covered altar of Cheibriados.
  6089 | D:5      | Found a glowing silver altar of Zin.
  6099 | D:5      | Reached skill level 9 in Ice Magic
  6107 | D:5      | Reached XP level 8. HP: 12/46 MP: 5/10
  6405 | D:5      | Noticed Blork the orc
  6417 | D:5      | Reached skill level 10 in Ice Magic
  6545 | D:6      | Reached skill level 1 in Fighting
  6690 | D:5      | Killed Blork the orc
  7203 | D:5      | Found a blossoming altar of Fedhas.
  7204 | D:5      | Found an iron altar of Okawaru.
  7267 | D:5      | Found a shadowy altar of Dithmenos.
  7660 | D:6      | Found a runed translucent gate.
  7660 | D:6      | Found a runed translucent gate.
  7660 | D:6      | Found a runed translucent gate.
  7835 | D:6      | Reached XP level 9. HP: 56/58 MP: 11/11
  7990 | D:6      | Reached skill level 1 in Summonings
  8177 | D:6      | Noticed flt's ghost (amateur GnWr)
  8223 | D:6      | Noticed Eustachio
  8237 | D:6      | Killed Eustachio
  8454 | D:6      | Noticed Pikel
  8469 | D:6      | Killed Pikel
  9063 | D:7      | Found Amin's Antique Armour Shop.
  9071 | D:7      | Bought an embroidered scarf for 192 gold pieces
  9156 | D:7      | Found a hazy altar of Hepliaklqana.
  9271 | D:7      | Reached skill level 5 in Summonings
  9307 | D:7      | Found an opulent altar of Gozag.
  9653 | D:7      | Found a shattered altar of Ashenzari.
  9713 | D:7      | Became a worshipper of Ashenzari the Shackled
 10229 | D:8      | Noticed a two-headed ogre
 10242 | D:8      | Slain by a two-headed ogre

Illustrated notes

Levels and vault maps discovered:
D:1:      wander_arrival_fairy_ring, layout_basic
D:2:      layout_basic, chequers_ecumenical_altar_simple, lemuel_altar_in_water,
          uniq_sigmund
D:3:      minmay_spotlight, layout_basic, overflow_temple_1_default,
          dancing_weapons_uskayaw, first_ration, gammafunk_ghost_necromancy,
          kennysheep_generic_room_11
D:4:      layout_loops_ring, minmay_temple_entry_butterflies,
          fedhas_bush_and_centaur_altar
D:5:      layout_cave_pools, gammafunk_temple_overflow_pools,
          chequers_temple_overflow_statue_of_worship,
          nicolae_overflow_hidden_temple, uniq_blork_the_orc
D:6:      layout_loops_ring, gammafunk_ghost_icy, uniq_pikel, uniq_eustachio
D:7:      layout_loops_corners, nicolae_ashenzari_panopticon,
          kennysheep_mini_moat, marbit_many_paths, serial_shops,
          nicolae_shop_overgrown_old_shop, grunt_ogre_cave
D:8:      wander_guarded_unrand_ratskin, layout_gridville,
          erik_lair_orcish_takeover
Temple:   cyrus_temple_forest

Skill      XL: |  1  2  3  4  5  6  7  8  9 |
---------------+----------------------------+-----
Stealth        | 3 |  3.0
Ice Magic      | 5 6 7 9 10 | 10.0
Fighting       | 4 |  4.0
Summonings     | 5 |  5.9
Dodging        | |  2.1
Spellcasting   | |  1.5

Action                   |  1- 3 |  4- 6 |  7- 9 || total
-------------------------+-------+-------+-------++-------
Melee: Unarmed           |    19 |       |       ||    19
       Dagger            |       |    56 |   349 ||   405
Throw: Boomerang         |       |     7 |     1 ||     8
 Cast: Freeze            |    52 |    17 |     7 ||    76
       Frozen Ramparts   |       |    10 |    36 ||    46
       Summon Ice Beast  |       |       |     2 ||     2
Invok: Curse Item        |       |       |     2 ||     2
Evoke: Wand              |       |       |     3 ||     3
  Use: Potion            |       |     4 |     2 ||     6
       Scroll            |       |     6 |    11 ||    17
 Stab: Sleeping          |     1 |       |     5 ||     6
       Paralysed         |       |       |     3 ||     3
  Eat: Chunk             |     3 |     7 |    14 ||    24
       Ration            |       |     1 |     3 ||     4
Armor: Robe              |     6 |     6 |    63 ||    75
Dodge: Dodged            |    43 |    53 |   237 ||   333

Table legend:
 A = Non-vault XP
 B = Vault XP
 C = Vault XP percentage of total XP
 D = Non-vault monster count
 E = Vault monster count
 F = Vault count percentage of total count
                 A         B        C        D         E       F
            +---------+---------+-------+---------+---------+-------
      Total |    1919 |    1705 |  47.0 |     130 |      15 |  10.3
            +---------+---------+-------+---------+---------+-------
        D:1 |      51 |       0 |   0.0 |      26 |       0 |   0.0
        D:2 |      39 |     231 |  85.6 |      14 |       1 |   6.7
        D:3 |     152 |     230 |  60.2 |      27 |       8 |  22.9
        D:4 |      96 |     115 |  54.5 |      14 |       1 |   6.7
        D:5 |     578 |      99 |  14.6 |      19 |       1 |   5.0
        D:6 |     500 |     784 |  61.1 |      20 |       2 |   9.1
        D:7 |     375 |     246 |  39.6 |       7 |       2 |  22.2
        D:8 |     128 |       0 |   0.0 |       3 |       0 |   0.0
            +---------+---------+-------+---------+---------+-------
